 Dungeon Crawl Stone Soup version 0.27.1-33-g824d729ab1 (webtiles) character file.

Game seed: 518662200339096009

4 SensoryNuts the Skirmisher (level 1, 0/19 HPs)
             Began as a Draconian Monk on Dec 6, 2021.
             Frozen to death by an endoplasm (2 damage)
             ... on level 1 of the Dungeon.
             The game lasted 00:00:16 (203 turns).

SensoryNuts the Skirmisher (Draconian Monk)          Turns: 203, Time: 00:00:16

Health: 0/19       AC:  4    Str: 13    XL:     1   Next: 58%
Magic:  1/1        EV: 12    Int: 10    God:
Gold:   55         SH:  0    Dex: 13    Spells: 0/0 levels left

rFire    . . .     SeeInvis .   a - +0 mace
rCold    . . .     Faith    .   (no shield)
rNeg     . . .     Spirit   .   (armour unavailable)
rPois    .         Reflect  .   (helmet restricted)
rElec    .         Harm     .   (no cloak)
rCorr    .         Rampage  .   (no gloves)
Will     .....                  (no boots)
Stlth    ++........             (no amulet)
HPRegen  0.06/turn              (no ring)
MPRegen  0.07/turn              (no ring)

@: slowed, very slow
A: AC +4, unfitting armour, cold-blooded
a: no special abilities


You were on level 1 of the Dungeon.
You visited 1 branch of the dungeon, and saw 1 of its levels.

You collected 55 gold pieces.

Inventory:

Hand Weapons
 a - a +0 mace (weapon)
Scrolls
 b - a scroll of teleportation {unknown}
 c - a scroll of amnesia {unknown}
Potions
 d - a potion of ambrosia {unknown}


   Skills:
 + Level 3.3 Fighting
 + Level 3.0 Maces & Flails
 + Level 2.9 Dodging
 + Level 1.7 Stealth


You couldn't memorise any spells.
You didn't know any spells.
Your spell library was empty.

Dungeon Overview and Level Annotations

Branches:
Dungeon (1/15)

Altars:

Shops:
D:1 :


Innate Abilities, Weirdness & Mutations

Your plain brown scales are hard. (AC +4)
You cannot fit into any form of body armour.
You are cold-blooded and may be slowed by cold attacks.


Message History

The dart slug launches a dart at you.
The slug dart hits you but does no damage.
You closely miss the hobgoblin. The hobgoblin misses you.
The endoplasm closely misses you.
You hit the hobgoblin but do no damage.
Your tail-slap misses the hobgoblin.
The endoplasm quivers.
The hobgoblin barely misses you. The endoplasm freezes you.
You are frozen.
The hobgoblin misses you.
You hit the hobgoblin.
Your tail-slap misses the hobgoblin.
The hobgoblin is severely wounded.
The endoplasm freezes you.
You are frozen.
The hobgoblin barely misses you. The dart slug launches a dart at you.
The slug dart hits you.
The endoplasm hits you but does no damage.
You hit the hobgoblin but do no damage. You tail-slap the hobgoblin.
You kill the hobgoblin!
The endoplasm hits you but does no damage.
The endoplasm freezes you.
You are frozen.
You feel yourself slow down. The endoplasm closely misses you.
The endoplasm freezes you.
You are frozen.
You feel as though you will be slow longer.
You see here a hobgoblin corpse.
The endoplasm freezes you.
You are frozen.
* * * LOW HITPOINT WARNING * * *
The endoplasm hits you.
* * * LOW HITPOINT WARNING * * *
The endoplasm freezes you.
You are frozen.
* * * LOW HITPOINT WARNING * * *
You hit the endoplasm but do no damage. The endoplasm misses you.
You thump the endoplasm!
You kill the endoplasm!
The endoplasm freezes you.
You are frozen.
You die...

#####...###
##.........#
#..........#
#..........# #...
......# ##.#... .....#
.......#+#...#### ...
........wJ@.....+.....
.....#.#.#......#.....
#.. #.#.#.#......... +
....#.........#
.....#.........#
......#.#.......#
#.....##.#.......#
#..... #.+.......#
###.......#


You could see a dart slug and an endoplasm.

Vanquished Creatures
  An endoplasm (D:1)
  2 goblins (D:1)
  A hobgoblin (D:1)
  A ball python (D:1)
5 creatures vanquished.

Notes
Turn   | Place    | Note
-------+----------+-------------------------------------------
     0 | D:1      | SensoryNuts the Draconian Monk began the quest for the Orb.
     0 | D:1      | Reached XP level 1. HP: 19/19 MP: 1/1
    78 | D:1      | Found Acaohoidd's Book Boutique.
   203 | D:1      | Frozen to death by an endoplasm

Illustrated notes

Levels and vault maps discovered:
D:1:      dpeg_arrival_leaves_temple_mockup, layout_basic, serial_shops, shop

Action                   || total
-------------------------++-------
Melee: Mace              ||    16
       Tailslap          ||     1
Armor: Skin              ||     8
Dodge: Dodged            ||    11
